 Dungeon Crawl Stone Soup version 0.29.0-4-gdea44cf6ec (webtiles) character file.

Game seed: 11836984972768619627

748 qw the Cleaver (level 7, -3/41 HPs)
             Began as a Tengu Warper on Aug 28, 2022.
             Slain by Duvessa
             ... wielding a +0 short sword
              (18 damage)
             ... on level 5 of the Dungeon.
             The game lasted 00:00:34 (5654 turns).

qw the Cleaver (Tengu Warper)                       Turns: 5654, Time: 00:00:35

Health: -3/41      AC: 13    Str: 19    XL:     7   Next: 77%
Magic:  11/11      EV:  9    Int: 14    God:
Gold:   143        SH:  0    Dex: 13    Spells: 10/10 levels left

rFire   + + .      SeeInvis .   Y - +1 war axe
rCold   . . .      Faith    .   (no shield)
rNeg    + . .      Spirit   .   a - +0 chain mail
rPois   .          Reflect  .   (helmet restricted)
rElec   +          Harm     +   h - +3 cloak of Purpose {Harm rElec rF++ rN+}
rCorr   .          Rampage  .   (no gloves)
Will    .....                   (boots unavailable)
Stlth   ..........              b - amulet of the acrobat
HPRegen 0.13/turn               o - +6 ring of strength
MPRegen 0.12/turn               (no ring)

@: flying quickly and evasively, quick
A: beak, talons 3, nimble flight
a: no special abilities


You were on level 5 of the Dungeon.
You visited 1 branch of the dungeon, and saw 5 of its levels.

You collected 182 gold pieces.
You spent 39 gold pieces at shops.


Innate Abilities, Weirdness & Mutations

You have a beak for a mouth.
You have claws for feet.
Your magical nature lets you fly swiftly and evasively.


   Skills:
 - Level 3.1 Fighting
 + Level 8.4 Axes
 - Level 1.0 Throwing
 - Level 3.1 Armour
 - Level 2.1 Dodging
 - Level 2.0 Spellcasting
 - Level 2.4 Translocations


You had 10 spell levels left.
You didn't know any spells.
Your spell library contained the following spells:

 Spells                   Type           Power      Damage    Failure   Level
 Blink                    Tloc           16%        N/A       85%         2
 Gell's Gravitas          Tloc           8%         N/A       97%         3
 Lesser Beckoning         Tloc           8%         N/A       97%         3
 Teleport Other           Tloc           8%         N/A       97%         3
 Manifold Assault         Tloc           8%         N/A       100%        5

Inventory:

Hand Weapons
 j - a +0 morningstar
 Y - a +1 war axe (weapon)
Missiles
 d - 4 boomerangs (quivered)
Armour
 a - a +0 chain mail (worn)
 h - the +3 cloak of Purpose (worn) {Harm rElec rF++ rN+}
   (You acquired it on level 3 of the Dungeon)

   rF:        It greatly protects you from fire.
   rElec:     It insulates you from electricity.
   rN:        It protects you from negative energy.
   Harm:      It increases damage dealt and taken.
Jewellery
 b - an amulet of the acrobat (around neck)
 o - a +6 ring of strength (left hand)
Scrolls
 f - 2 scrolls of teleportation
 g - 4 scrolls of identify
Potions
 l - 2 potions of curing
 m - 2 potions of heal wounds
 n - a potion of might
 r - 2 potions of resistance

Dungeon Overview and Level Annotations

Branches:
Dungeon (5/15)
 Temple: D:4-7

Altars:

Shops:
D:1 !

Annotations:
D:5 Duvessa


Message History

Things that are here:
a +0 hand axe; a +0 chain mail
Found a stone staircase leading up.
Enter note:
Enter note: You now have 115 gold pieces (gained 9).
You now have 125 gold pieces (gained 10).
You now have enough gold to buy 2 potions of heal wounds on D:1, or buy a potion of haste on D:1.
You can access your shopping list by pressing '$'.
You now have 143 gold pieces (gained 18).
You reach down and open the door.
Duvessa and Dowan come into view.
Duvessa is wielding a +0 short sword and carrying a wand of polymorph (13).
Duvessa shouts!
Dowan shouts!
Enter note:
There is an open door here.
Duvessa completely misses you. Dowan barely misses you.
You hit Dowan but do no damage. You slash Duvessa! Duvessa barely misses you.
Dowan casts a spell at Duvessa.
Duvessa seems to speed up.
You barely miss Duvessa. Your kick misses Duvessa.
You peck Duvessa, but do no damage.
Duvessa is moderately wounded.
You hit Dowan. Duvessa hits you with a +0 short sword.
Dowan casts a spell at you. The puff of frost hits you.
Duvessa hits you but does no damage.
You slash Dowan!
You kill Dowan!
Duvessa screams, "No!
How DARE you!"
Duvessa goes berserk!
You hit Duvessa but do no damage. Duvessa hits you with a +0 short sword!
You barely miss Duvessa. You claw Duvessa. Your peck misses Duvessa.
Duvessa is heavily wounded.
Duvessa closely misses you. x2
You slash Duvessa! Your kick misses Duvessa. Your peck misses Duvessa.
Duvessa is severely wounded.
Duvessa hits you with a +0 short sword. Duvessa hits you with a +0 short sword!
You die...

~7~.. #.#........#...## .....
#...............# ...~.###
#.##...........## .~~~...#
#.........###.##
~~~7...###.###....####.#
~#)....................####.#
~~~~...###.##..#######......#
7.~...## #.###.#.)..}#.######
###.#.# #.....'@e..8#.#
##..))####..#..#....}#.#
............##.##+#+##.#
~.~[.#####.###.# #.# .~~...#
#.# #.# #.# ......#
#.#######.# .....##
#.........# #..#####.
########..# #)........ ##.#


You could see Duvessa (berserk, fast).

Vanquished Creatures
  2 black bears (D:4)
  A kobold brigand (D:3)
  A scorpion (D:5)
  Dowan (D:5)
  2 hounds (D:5)
  2 jellies (D:4)
  3 orc wizards
  6 adders
  2 worms (D:2)
  A dart slug (D:2)
  25 orcs
  3 ball pythons
  7 bats
  9 endoplasms
  11 goblins
  6 hobgoblins
  2 jackals (D:2)
  11 kobolds
  7 quokkas
  5 frilled lizards
  4 rats
111 creatures vanquished.

Notes
Turn   | Place    | Note
-------+----------+-------------------------------------------
     0 | D:1      | qw the Tengu Warper began the quest for the Orb.
     0 | D:1      | Reached XP level 1. HP: 12/12 MP: 4/4
     0 | D:1      | 0 ||| qw: Version: 0.1-a-89-g26bdef1
     0 | D:1      | 0 ||| qw: Game counter: 1155
     0 | D:1      | 0 ||| qw: Always use a shield: true
     0 | D:1      | 0 ||| qw: God list: Okawaru
     0 | D:1      | 0 ||| qw: Allow faded altars: false
     0 | D:1      | 0 ||| qw: Do Orc after D:15 true
     0 | D:1      | 0 ||| qw: Do second Lair branch before Depths: true
     0 | D:1      | 0 ||| qw: Lair rune preference: random
     0 | D:1      | 0 ||| qw: Plans: Normal
     0 | D:1      | 0 ||| PLANNING D:1-11
   346 | D:1      | Reached XP level 2. HP: 12/17 MP: 6/6
   439 | D:1      | Reached skill level 3 in Axes
   664 | D:1      | Found Kaiceito's Distillery.
   750 | D:1      | 750 ||| SHOPLISTING 2 potions of heal wounds (130 gold,
                  | have 52).
   750 | D:1      | 750 ||| SHOPLISTING potion of cancellation (104 gold, have
                  | 52).
   750 | D:1      | 750 ||| BUYING potion of curing (39 gold).
   750 | D:1      | Bought a potion of curing for 39 gold pieces
   750 | D:1      | 750 ||| SHOPLISTING potion of haste (130 gold, have 13).
   750 | D:1      | 750 ||| SHOPLISTING potion of heal wounds (65 gold, have
                  | 13).
  1146 | D:1      | 1146 ||| UPGRADING to +0 ring mail.
  1156 | D:1      | 1156 ||| DROPPING +0 leather armour.
  1157 | D:1      | 1157 ||| DROPPING ring of flight.
  1158 | D:1      | 1158 ||| READING scroll labelled XESKEN EWNEUCS.
  1159 | D:1      | 1159 ||| READING scroll labelled LOUGOY HONLUSA.
  1160 | D:1      | 1160 ||| DRINKING 2 black potions.
  1161 | D:1      | 1161 ||| DRINKING 3 green potions.
  1162 | D:1      | 1162 ||| DROPPING scroll of blinking.
  1163 | D:1      | 1163 ||| DROPPING potion of brilliance.
  1164 | D:1      | 1164 ||| DROPPING 2 potions of degeneration.
  1201 | D:2      | Reached XP level 3. HP: 21/21 MP: 7/7
  1250 | D:2      | Reached skill level 4 in Axes
  1376 | D:2      | HP: 5/21 [quokka (2)]
  1384 | D:2      | HP: 3/21 [adder (3)]
  1397 | D:2      | 1397 ||| FLEEEEING.
  1398 | D:2      | 1398 ||| FLEEEEING.
  1399 | D:2      | 1399 ||| FLEEEEING.
  1401 | D:2      | 1401 ||| FLEEEEING.
  1402 | D:2      | 1402 ||| FLEEEEING.
  1403 | D:2      | 1403 ||| FLEEEEING.
  1404 | D:2      | 1404 ||| FLEEEEING.
  1405 | D:2      | 1405 ||| FLEEEEING.
  1406 | D:2      | 1406 ||| FLEEEEING.
  1407 | D:2      | 1407 ||| FLEEEEING.
  1408 | D:2      | 1408 ||| FLEEEEING.
  1409 | D:2      | 1409 ||| FLEEEEING.
  1412 | D:2      | 1412 ||| FLEEEEING.
  1413 | D:2      | 1413 ||| FLEEEEING.
  1414 | D:2      | 1414 ||| FLEEEEING.
  1415 | D:2      | 1415 ||| FLEEEEING.
  1416 | D:2      | 1416 ||| FLEEEEING.
  1417 | D:2      | 1417 ||| FLEEEEING.
  1420 | D:2      | 1420 ||| FLEEEEING.
  1421 | D:2      | 1421 ||| FLEEEEING.
  1422 | D:2      | 1422 ||| FLEEEEING.
  1423 | D:2      | 1423 ||| FLEEEEING.
  1424 | D:2      | 1424 ||| FLEEEEING.
  1425 | D:2      | 1425 ||| FLEEEEING.
  1428 | D:2      | 1428 ||| FLEEEEING.
  1429 | D:2      | 1429 ||| FLEEEEING.
  1430 | D:2      | 1430 ||| FLEEEEING.
  1431 | D:2      | 1431 ||| FLEEEEING.
  1432 | D:2      | 1432 ||| FLEEEEING.
  1433 | D:2      | 1433 ||| FLEEEEING.
  1434 | D:2      | 1434 ||| FLEEEEING.
  1435 | D:2      | 1435 ||| FLEEEEING.
  1438 | D:2      | 1438 ||| FLEEEEING.
  1439 | D:2      | 1439 ||| FLEEEEING.
  1440 | D:2      | 1440 ||| FLEEEEING.
  1441 | D:2      | 1441 ||| FLEEEEING.
  1446 | D:2      | 1446 ||| FLEEEEING.
  1447 | D:2      | 1447 ||| FLEEEEING.
  1448 | D:2      | 1448 ||| FLEEEEING.
  1449 | D:2      | 1449 ||| FLEEEEING.
  1450 | D:2      | 1450 ||| FLEEEEING.
  1451 | D:2      | 1451 ||| STAIRDANCE
  1659 | D:2      | 1659 ||| STAIRDANCE
  1811 | D:2      | 1811 ||| FLEEEEING.
  1812 | D:2      | 1812 ||| FLEEEEING.
  1813 | D:2      | 1813 ||| FLEEEEING.
  1814 | D:2      | 1814 ||| FLEEEEING.
  1815 | D:2      | 1815 ||| FLEEEEING.
  1816 | D:2      | 1816 ||| FLEEEEING.
  1817 | D:2      | 1817 ||| FLEEEEING.
  1818 | D:2      | 1818 ||| FLEEEEING.
  1819 | D:2      | 1819 ||| FLEEEEING.
  1820 | D:2      | 1820 ||| FLEEEEING.
  1821 | D:2      | 1821 ||| FLEEEEING.
  1824 | D:2      | 1824 ||| FLEEEEING.
  1825 | D:2      | 1825 ||| FLEEEEING.
  1826 | D:2      | 1826 ||| FLEEEEING.
  1827 | D:2      | 1827 ||| FLEEEEING.
  1828 | D:2      | 1828 ||| FLEEEEING.
  1829 | D:2      | 1829 ||| FLEEEEING.
  1837 | D:2      | 1837 ||| FLEEEEING.
  1838 | D:2      | 1838 ||| FLEEEEING.
  1839 | D:2      | 1839 ||| FLEEEEING.
  1840 | D:2      | 1840 ||| FLEEEEING.
  1841 | D:2      | 1841 ||| FLEEEEING.
  1845 | D:2      | 1845 ||| FLEEEEING.
  1846 | D:2      | 1846 ||| FLEEEEING.
  1847 | D:2      | 1847 ||| FLEEEEING.
  1848 | D:2      | 1848 ||| FLEEEEING.
  1849 | D:2      | 1849 ||| FLEEEEING.
  1850 | D:2      | 1850 ||| FLEEEEING.
  1851 | D:2      | 1851 ||| FLEEEEING.
  1865 | D:2      | 1865 ||| FLEEEEING.
  1866 | D:2      | 1866 ||| FLEEEEING.
  1867 | D:2      | 1867 ||| FLEEEEING.
  1868 | D:2      | 1868 ||| FLEEEEING.
  1869 | D:2      | 1869 ||| FLEEEEING.
  1870 | D:2      | 1870 ||| FLEEEEING.
  1871 | D:2      | 1871 ||| STAIRDANCE
  1947 | D:1      | 1947 ||| READING scroll labelled MOANWE JOHIH.
  1992 | D:2      | 1992 ||| STAIRDANCE
  2105 | D:2      | 2105 ||| DROPPING +0 club.
  2107 | D:2      | 2107 ||| Stepping ~*~*~tactically~*~*~ (stealth).
  2113 | D:2      | 2113 ||| Stepping ~*~*~tactically~*~*~ (stealth).
  2125 | D:2      | Reached XP level 4. HP: 24/26 MP: 8/8
  2501 | D:2      | 2501 ||| Stepping ~*~*~tactically~*~*~ (stealth).
  2507 | D:2      | Reached skill level 5 in Axes
  2520 | D:2      | Found a faded altar of an unknown god.
  3064 | D:2      | 3064 ||| UPGRADING to +0 chain mail.
  3074 | D:2      | 3074 ||| DROPPING +0 ring mail.
  3075 | D:2      | 3075 ||| UPGRADING to amulet of the acrobat.
  3080 | D:2      | 3080 ||| UPGRADING to +6 ring of strength.
  3081 | D:2      | 3081 ||| READING scroll labelled WIHOIKHLAONG.
  3082 | D:2      | 3082 ||| READING scroll labelled OKYXZIUXIU.
  3083 | D:2      | 3083 ||| READING scroll labelled FOBLUUD YWNUO.
  3231 | D:2      | 3231 ||| READING 3 scrolls labelled GIKLALLIFI.
  3232 | D:2      | 3232 ||| READING 2 scrolls of enchant weapon.
  3232 | D:2      | 3232 ||| ENCHANTING +1 hand axe.
  3233 | D:2      | 3233 ||| READING scroll of enchant weapon.
  3233 | D:2      | 3233 ||| ENCHANTING +2 hand axe.
  3234 | D:2      | 3234 ||| READING scroll labelled VASTRO GUARCHESI.
  3235 | D:2      | 3235 ||| READING scroll labelled MYHOLE ANEMEY.
  3409 | D:3      | Gained mutation: Your magical nature lets you fly swiftly
                  | and evasively. [Tengu growth]
  3409 | D:3      | Reached XP level 5. HP: 30/30 MP: 9/9
  3416 | D:3      | 3416 ||| SWAPPING to +0 war axe.
  3417 | D:3      | 3417 ||| DROPPING +0 whip.
  3418 | D:3      | 3418 ||| DROPPING +3 hand axe.
  3421 | D:3      | 3421 ||| Stepping ~*~*~tactically~*~*~ (stealth).
  3424 | D:3      | 3424 ||| Stepping ~*~*~tactically~*~*~ (stealth).
  3526 | D:3      | 3526 ||| Stepping ~*~*~tactically~*~*~ (hiding).
  3532 | D:3      | 3532 ||| FLEEEEING.
  3570 | D:3      | 3570 ||| Stepping ~*~*~tactically~*~*~ (stealth).
  3832 | D:3      | 3832 ||| FLEEEEING.
  3833 | D:3      | 3833 ||| FLEEEEING.
  3834 | D:3      | 3834 ||| FLEEEEING.
  3835 | D:3      | 3835 ||| FLEEEEING.
  3836 | D:3      | 3836 ||| FLEEEEING.
  3837 | D:3      | 3837 ||| FLEEEEING.
  3838 | D:3      | 3838 ||| FLEEEEING.
  3839 | D:3      | 3839 ||| FLEEEEING.
  3840 | D:3      | 3840 ||| FLEEEEING.
  3841 | D:3      | 3841 ||| FLEEEEING.
  3842 | D:3      | 3842 ||| FLEEEEING.
  3843 | D:3      | 3843 ||| FLEEEEING.
  3844 | D:3      | 3844 ||| FLEEEEING.
  3845 | D:3      | 3845 ||| FLEEEEING.
  3846 | D:3      | 3846 ||| FLEEEEING.
  3847 | D:3      | 3847 ||| FLEEEEING.
  3848 | D:3      | 3848 ||| FLEEEEING.
  3849 | D:3      | 3849 ||| FLEEEEING.
  3852 | D:3      | 3852 ||| FLEEEEING.
  3853 | D:3      | 3853 ||| FLEEEEING.
  3854 | D:3      | 3854 ||| FLEEEEING.
  3855 | D:3      | 3855 ||| FLEEEEING.
  3856 | D:3      | 3856 ||| FLEEEEING.
  3857 | D:3      | 3857 ||| FLEEEEING.
  3858 | D:3      | 3858 ||| FLEEEEING.
  3865 | D:3      | Reached skill level 6 in Axes
  4061 | D:3      | Noticed a kobold brigand
  4062 | D:3      | 4062 ||| Stepping ~*~*~tactically~*~*~ (stealth).
  4078 | D:3      | Killed a kobold brigand
  4079 | D:3      | Reached skill level 3 in Armour
  4079 | D:3      | Reached XP level 6. HP: 28/35 MP: 10/10
  4437 | D:3      | 4437 ||| READING scroll labelled RANOQYP BARCH.
  4438 | D:3      | 4438 ||| READING scroll labelled YGEVOP ZUO.
  4438 | D:3      | Identified a scroll of acquirement
  4438 | D:3      | 4438 ||| ACQUIRING +3 cloak of Purpose {Harm rElec rF++
                  | rN+}
  4438 | D:3      | Acquired the +3 cloak of Purpose {Harm rElec rF++ rN+}
  4440 | D:3      | 4440 ||| UPGRADING to +3 cloak of Purpose {Harm rElec rF++
                  | rN+}.
  4445 | D:3      | 4445 ||| DRINKING 2 ruby potions.
  4446 | D:3      | 4446 ||| DRINKING 2 dark potions.
  4447 | D:3      | 4447 ||| DRINKING 2 lumpy red potions.
  4448 | D:3      | 4448 ||| READING 5 scrolls of identify.
  4448 | D:3      | 4448 ||| IDENTIFYING pink potion
  4449 | D:3      | 4449 ||| READING 4 scrolls of identify.
  4449 | D:3      | 4449 ||| IDENTIFYING fizzy ruby potion
  4450 | D:3      | 4450 ||| READING 3 scrolls of identify.
  4450 | D:3      | 4450 ||| IDENTIFYING smoky dark potion
  4451 | D:3      | 4451 ||| READING 2 scrolls of identify.
  4451 | D:3      | 4451 ||| IDENTIFYING cyan potion
  4452 | D:3      | 4452 ||| DROPPING potion of magic.
  4453 | D:3      | 4453 ||| DROPPING potion of invisibility.
  4454 | D:3      | 4454 ||| DROPPING potion of attraction.
  4455 | D:3      | 4455 ||| DROPPING potion of flight.
  4456 | D:3      | 4456 ||| DROPPING potion of lignification.
  4671 | D:4      | 4671 ||| Stepping ~*~*~tactically~*~*~ (stealth).
  4683 | D:4      | Noticed a black bear
  4688 | D:4      | Killed a black bear
  4689 | D:4      | Reached skill level 7 in Axes
  4689 | D:4      | 4689 ||| FLEEEEING.
  4692 | D:4      | 4692 ||| FLEEEEING.
  4693 | D:4      | 4693 ||| FLEEEEING.
  4694 | D:4      | 4694 ||| FLEEEEING.
  4695 | D:4      | 4695 ||| FLEEEEING.
  4739 | D:4      | 4739 ||| READING scroll of enchant weapon.
  4739 | D:4      | 4739 ||| ENCHANTING +0 war axe.
  4746 | D:4      | Noticed a black bear
  4753 | D:4      | Killed a black bear
  4754 | D:4      | Reached skill level 3 in Fighting
  4754 | D:4      | Reached XP level 7. HP: 38/41 MP: 11/11
  4960 | D:4      | 4960 ||| Stepping ~*~*~tactically~*~*~ (stealth).
  4962 | D:4      | 4962 ||| Stepping ~*~*~tactically~*~*~ (hiding).
  4974 | D:4      | 4974 ||| FLEEEEING.
  5406 | D:4      | 5406 ||| READING scroll labelled NIACAU COMNANU.
  5407 | D:4      | 5407 ||| READING 3 scrolls of teleportation.
  5431 | D:5      | Entered Level 5 of the Dungeon
  5497 | D:5      | 5497 ||| FLEEEEING.
  5498 | D:5      | 5498 ||| FLEEEEING.
  5499 | D:5      | 5499 ||| FLEEEEING.
  5511 | D:5      | 5511 ||| Stepping ~*~*~tactically~*~*~ (hiding).
  5513 | D:5      | 5513 ||| Stepping ~*~*~tactically~*~*~ (hiding).
  5519 | D:5      | 5519 ||| DRINKING 3 potions of curing.
  5519 | D:5      | 5519 ||| (to cure confusion)
  5523 | D:5      | Reached skill level 8 in Axes
  5552 | D:5      | 5552 ||| Stepping ~*~*~tactically~*~*~ (stealth).
  5647 | D:5      | Noticed Duvessa
  5647 | D:5      | Noticed Dowan
  5652 | D:5      | Killed Dowan
  5654 | D:5      | Slain by Duvessa

Levels and vault maps discovered:
D:1:      nzn_arrival_depleted_hourglass, layout_basic, serial_shops,
          nicolae_shop_competitors_out_of_business, serial_bayou_lagoon_b
D:2:      layout_basic, basic_ecumenical_altar, hangedman_decor_opposing
D:3:      layout_basic
D:4:      layout_basic, grunt_ministairs_15
D:5:      dreamdust_elfheim, layout_loops_ring, overflow_temple_1_default,
          minmay_temple_entry_gardened_gates, ebering_ghost_reflecting_pool,
          serial_rivers, chequers_serial_rivers_marsh,
          chequers_serial_rivers_micro_c, chequers_serial_rivers_micro_a,
          chequers_serial_rivers_micro_b, chequers_serial_rivers_micro_b,
          kennysheep_cross_room

Skill      XL: |  1  2  3  4  5  6  7 |
---------------+----------------------+-----
Axes           | 3 4 5 6 7 8 |  8.4
Armour         | 3 |  3.1
Fighting       | 3 |  3.1
Throwing       | |  1.0
Dodging        | |  2.1
Spellcasting   | |  2.0
Translocations | |  2.4

Action                   |  1- 3 |  4- 6 |  7- 9 || total
-------------------------+-------+-------+-------++-------
Melee: Hand axe          |    86 |    58 |       ||   144
       Kick              |    20 |    21 |     8 ||    49
       Peck              |     9 |    20 |     5 ||    34
       Punch             |     2 |       |       ||     2
       War axe           |       |    64 |    34 ||    98
Throw: Boomerang         |     7 |    22 |    26 ||    55
  Use: Scroll            |     3 |    15 |     2 ||    20
       Potion            |     2 |     3 |     1 ||     6
Armor: Leather armour    |     5 |       |       ||     5
       Ring mail         |    19 |    10 |       ||    29
       Chain mail        |       |    33 |    14 ||    47
Dodge: Dodged            |    45 |    47 |    14 ||   106

Table legend:
 A = Non-vault XP
 B = Vault XP
 C = Vault XP percentage of total XP
 D = Non-vault monster count
 E = Vault monster count
 F = Vault count percentage of total count
                 A         B        C        D         E       F
            +---------+---------+-------+---------+---------+-------
      Total |     861 |     208 |  19.5 |     104 |       7 |   6.3
            +---------+---------+-------+---------+---------+-------
        D:1 |      29 |       0 |   0.0 |      17 |       0 |   0.0
        D:2 |     106 |       0 |   0.0 |      29 |       0 |   0.0
        D:3 |     210 |       0 |   0.0 |      32 |       0 |   0.0
        D:4 |     300 |     141 |  32.0 |      17 |       6 |  26.1
        D:5 |     216 |      67 |  23.7 |       9 |       1 |  10.0
            +---------+---------+-------+---------+---------+-------
